 Dungeon Crawl Stone Soup version 0.27-a0-277-g024f7ef292 (webtiles) character file.

Game seed: 10479406040492960649

3644 rj54x the Basher (level 9, 0/81 HPs)
             Began as a Minotaur Berserker on Feb 5, 2021.
             Was an Elder of Trog.
             Killed from afar by a raiju (13 damage)
             ... with a living lightning
             ... on level 1 of the Abyss.
             The game lasted 00:39:02 (8271 turns).

rj54x the Basher (Minotaur Berserker)               Turns: 8271, Time: 00:39:03

Health: 0/81       AC: 11    Str: 22    XL:     9   Next: 88%
Magic:  8/8        EV: 12    Int:  4    God:    Trog [****..]
Gold:   461        SH:  0    Dex: 11    Spells: 8/8 levels left

rFire    + . .     SeeInvis .   L - +2 flail
rCold    . . .     Faith    .   (no shield)
rNeg     + . .     Spirit   .   u - +0 steam dragon scales
rPois    .         Reflect  .   (helmet restricted)
rElec    .         Harm     .   a - +1 cloak
rCorr    .         Rampage  .   i - +0 pair of gloves
Will     .....                  e - +0 pair of boots
Stlth    ++........             (no amulet)
HPRegen  0.23/turn              l - ring of protection from fire
MPRegen  0.11/turn              m - ring of positive energy

@: berserk cooldown, flying, slowed, studying Short Blades, very slow
A: retaliatory headbutt, horns 2, weak 1
a: Renounce Religion, Berserk, Trog's Hand, Brothers in Arms


You were on level 1 of the Abyss.
You worshipped Trog.
Trog was greatly pleased with you.
You visited 2 branches of the dungeon, and saw 9 of its levels.
You visited the Abyss 1 time.

You collected 461 gold pieces.

Inventory:

Hand Weapons
 g - a +0 whip of electrocution
 A - a +0 shortbow
 L - a +2 flail (weapon)
Missiles
 c - 405 stones (quivered)
 B - 100 arrows
Armour
 a - a +1 cloak (worn)
 e - a +0 pair of boots (worn)
 i - a +0 pair of gloves (worn)
 q - a +0 ring mail of fire resistance
 u - +0 steam dragon scales (worn)
 H - a +0 plate armour
 I - a +3 ring mail
Magical Staves
 M - an uncursed staff of fire {unknown}
Jewellery
 l - a ring of protection from fire (left hand)
 m - a ring of positive energy (right hand)
 y - an uncursed ring of flight
Wands
 b - a wand of acid (8)
 w - a wand of flame (17)
 K - a wand of mindburst (9)
Scrolls
 d - 5 scrolls of identify
 f - a scroll of fear
 j - a scroll of fog
 s - 3 scrolls of teleportation
 v - 3 scrolls of magic mapping
 x - 2 scrolls of amnesia
 E - 2 scrolls of remove curse
Potions
 h - 2 potions of flight
 k - a potion of might {unknown}
 n - a potion of invisibility {unknown}
 o - 4 potions of curing
 r - 2 potions of heal wounds {unknown}
 t - a potion of haste {unknown}
 z - a potion of mutation {unknown}
 C - a potion of ambrosia {unknown}
 D - a potion of berserk rage {unknown}
 F - a potion of cancellation {unknown}


   Skills:
 + Level 8.0 Fighting
 + Level 13.0 Maces & Flails
 * Level 7.8 Armour
 - Level 2.1 Dodging
 - Level 2.1 Stealth
 + Level 1.3 Transmutations


You had 8 spell levels left.
You didn't know any spells.
Your spell library contained the following spells:

 Spells                   Type           Power        Failure   Level
 Foxfire                  Conj/Fire      0%           50%         1
 Conjure Flame            Conj/Fire      0%           86%         3
 Inner Flame              Hex/Fire       0%           86%         3
 Sticky Flame             Conj/Fire      0%           99%         4
 Fireball                 Conj/Fire      0%           100%        5
 Irradiate                Conj/Tmut      0%           100%        5
 Eringya's Noxious Bog    Tmut/Pois      0%           100%        6
 Statue Form              Tmut/Erth      0%           100%        6


Dungeon Overview and Level Annotations

Branches:
Dungeon (8/15)             Temple (1/1) D:6
   Lair: D:8-11

Altars:
Ashenzari
Cheibriados
Dithmenos
Elyvilon
Fedhas
Gozag
Kikubaaqudgha
Makhleb
Nemelex Xobeh
Okawaru
Qazlal
Ru
Sif Muna
Vehumet
Wu Jian
Yredelemnul
Zin
The Shining One

Annotations:
D:2 Sigmund
D:7 2 transporters, dolemite99's ghost, novice DsBe


Innate Abilities, Weirdness & Mutations

You reflexively headbutt those who attack you in melee.
You have a pair of horns on your head.
You are weak. (Str -2)


Message History

* * * LOW HITPOINT WARNING * * *
Your two-headed ogre hits the rakshasa with a +0 giant club!
The injured rakshasa weaves a defensive illusion!
Your two-headed ogre barely misses the rakshasa.
You hit the rakshasa. Your headbutt misses the rakshasa.
The rakshasa is severely wounded.
The rakshasa hits your two-headed ogre with a +0 trident.
The rakshasa hits your two-headed ogre from afar with a +0 trident!!
Your two-headed ogre hits the rakshasa with a +0 giant club. x2
Unknown command.
You sock the rakshasa!
The rakshasa is almost dead.
Your two-headed ogre hits the rakshasa but does no damage.
Your two-headed ogre hits the rakshasa with a +0 giant club!!
The rakshasa dies!
Trog accepts your kill.
The rakshasa shimmers and vanishes! x2
The raiju bursts into living lightning!
The living lightning hits you!
You die...

# ## h#
#.. #. #
#≈####. .
. #..#..#
#.. #..h#.
.. .. #
#.## # .#
. #.
##@###
.#)O..# ##
. .. #
#...#.#..
. .
#......#.#
.
#.##.#..##
..#...##.#
.. #..# .#
### .# .#
## . . . #
5 #


You could see a raiju and a friendly two-headed ogre (summoned, berserk).

Vanquished Creatures
  A hellion (Abyss:1)
  Prince Ribbit (D:7)
  A ynoxinul (Abyss:1)
  A wraith (D:6)
  Eustachio (D:5)
  A neqoxec (Abyss:1)
  A water moccasin (D:5)
  A sky beast (D:5)
  An ice beast (D:6)
  An orc warrior (D:7)
  4 ogres
  2 centaurs
  4 phantoms
  The ghost of pigah the Magician, an amateur OpWn (D:4)
  2 bullfrogs
  2 scorpions
  6 wights
  A howler monkey (D:6)
  2 vampire bats (D:5)
  A centaur zombie (D:5)
  A jelly (D:7)
  An orc priest (D:4)
  Crazy Yiuf (D:7)
  A hound (D:5)
  2 iguanas
  4 orc wizards
  7 worker ants
  2 hound zombies
  A hound skeleton (D:5)
  8 adders
  2 shadow imps (D:5)
  2 white imps
  An adder skeleton (D:8)
  3 worms
  2 dart slugs (D:1)
  A leopard gecko (D:2)
  19 orcs
  6 bats
  5 bat skeletons (D:5)
  2 bat zombies (D:5)
  8 giant cockroaches
  7 goblins
  6 hobgoblins
  14 jackals
  14 kobolds
  4 quokkas
  A ball python zombie (D:6)
  10 frilled lizards
  A leopard gecko skeleton (D:5)
  A quokka skeleton (D:6)
  A quokka zombie (D:5)
  8 rats
181 creatures vanquished.

Vanquished Creatures (collateral kills)
  A rakshasa (Abyss:1)
  An iron imp (Abyss:1)
2 creatures vanquished.

Vanquished Creatures (others)
  6 plants (D:6)
6 creatures vanquished.

Grand Total: 189 creatures vanquished

Notes
Turn   | Place    | Note
-------+----------+-------------------------------------------
     0 | D:1      | rj54x the Minotaur Berserker began the quest for the Orb.
     0 | D:1      | Reached XP level 1. HP: 19/19 MP: 0/0
   101 | D:1      | Reached skill level 4 in Maces & Flails
   206 | D:1      | Reached XP level 2. HP: 26/26 MP: 1/1
   591 | D:1      | Reached skill level 5 in Maces & Flails
   828 | D:1      | Reached XP level 3. HP: 23/31 MP: 2/2
  1220 | D:2      | Reached ** piety under Trog
  1508 | D:2      | Noticed Sigmund
  1604 | D:2      | Reached XP level 4. HP: 36/39 MP: 3/3
  1620 | D:2      | Reached skill level 6 in Maces & Flails
  2400 | D:3      | Found an iron altar of Okawaru.
  2401 | D:3      | Found a stormy altar of Qazlal.
  2403 | D:3      | Found a sacrificial altar of Ru.
  2403 | D:3      | Found an opulent altar of Gozag.
  2407 | D:3      | Reached XP level 5. HP: 45/45 MP: 4/4
  2576 | D:3      | Reached skill level 7 in Maces & Flails
  2866 | D:4      | Found a runed translucent door.
  2873 | D:4      | Noticed pigah's ghost (amateur OpWn)
  2881 | D:4      | Killed pigah's ghost
  2882 | D:4      | Reached skill level 1 in Stealth
  2964 | D:4      | Reached *** piety under Trog
  3043 | D:4      | Noticed an ogre
  3053 | D:4      | Killed an ogre
  3054 | D:4      | Reached skill level 8 in Maces & Flails
  3054 | D:4      | Reached XP level 6. HP: 51/51 MP: 5/5
  3647 | D:4      | Reached skill level 9 in Maces & Flails
  3772 | D:5      | Entered Level 5 of the Dungeon
  3790 | D:5      | Noticed Eustachio
  3796 | D:5      | Killed Eustachio
  3797 | D:5      | Reached XP level 7. HP: 57/57 MP: 6/6
  3905 | D:5      | Found an ancient bone altar of Kikubaaqudgha.
  3921 | D:5      | Reached skill level 10 in Maces & Flails
  4243 | D:5      | Reached skill level 11 in Maces & Flails
  4324 | D:5      | Found a sparkling altar of Nemelex Xobeh.
  4334 | D:5      | Reached XP level 8. HP: 64/64 MP: 7/7
  4518 | D:5      | Reached **** piety under Trog
  5095 | D:6      | Found a staircase to the Ecumenical Temple.
  5101 | D:6      | Identified Wumafroome's Grimoire of Fire and Shape Shifting
  5111 | D:6      | Reached skill level 12 in Maces & Flails
  5111 | D:6      | Reached skill level 1 in Transmutations
  5188 | Temple   | Entered the Ecumenical Temple
  5268 | D:6      | Reached skill level 5 in Fighting
  5684 | D:6      | Reached skill level 5 in Armour
  5913 | D:6      | Reached XP level 9. HP: 75/75 MP: 8/8
  6226 | D:7      | Found a transporter.
  6343 | D:7      | Noticed dolemite99's ghost (novice DsBe)
  6619 | D:7      | Found a transporter.
  6706 | D:7      | Noticed Prince Ribbit
  6713 | D:7      | Killed Prince Ribbit
  6914 | D:7      | Found a runed translucent door.
  6915 | D:7      | Noticed Crazy Yiuf
  6925 | D:7      | Killed Crazy Yiuf
  7443 | D:8      | Got an ebony trident
  7459 | D:8      | Identified the cursed +1 trident of Ashenzari's Regard
                  | {vorpal, rN+ MP+9} (You found it on level 8 of the Dungeon)
  8086 | D:8      | Cast into level 1 of the Abyss (orc wizard)
  8108 | Abyss:1  | Gained mutation: You are weak. (Str -2) [a neqoxec]
  8242 | Abyss:1  | Noticed a hellion
  8255 | Abyss:1  | Killed a hellion
  8263 | Abyss:1  | Noticed a rakshasa
  8267 | Abyss:1  | Reached skill level 13 in Maces & Flails
  8271 | Abyss:1  | Killed a rakshasa
  8271 | Abyss:1  | Killed from afar by a raiju

Illustrated notes

Levels and vault maps discovered:
D:1:      dpeg_arrival_three_same_balls, layout_basic, grunt_decor_fettered,
          chequers_serial_rivers_micro_c, minmay_splitting_lines,
          chequers_arboretum
D:2:      layout_loops_ring, minmay_ruptured, uniq_sigmund
D:3:      layout_basic, chequers_temple_overflow_statue_of_worship,
          kennysheep_minor_cross, kennysheep_generic_room_16
D:4:      layout_gridville, ebering_ghost_reflecting_pool
D:5:      layout_rooms, kennysheep_vampire_church,
          nemelex_xobeh_ov_fountains_minmay, hangedman_decor_push, st_stairs_9,
          feat_on_display, uniq_eustachio
D:6:      layout_basic, minmay_temple_entry_gardened_gates,
          minmay_manual_monolith
D:7:      layout_rooms, gammafunk_ghost_stat_death, uniq_prince_ribbit1,
          uniq_crazy_yiuf_cottage
D:8:      layout_loops_corners, nicolae_benzene_ring, minmay_puff
Temple:   nicolae_temple_x_marks_the_god
Abyss:1:  base:
D:6

Skill      XL: |  1  2  3  4  5  6  7  8  9 |
---------------+----------------------------+-----
Maces & Flails | 4 5 6 8 9 11 12 13 | 13.0
Stealth        | 1 2 |  2.1
Transmutations | 1 |  1.3
Fighting       | 5 8 |  8.0
Armour         | 5 7 |  7.8
Dodging        | |  2.1

Action                   |  1- 3 |  4- 6 |  7- 9 || total
-------------------------+-------+-------+-------++-------
Melee: Mace              |    32 |       |       ||    32
       Headbutt          |     9 |    11 |    56 ||    76
       Whip              |    51 |   117 |   230 ||   398
       Flail             |       |       |    69 ||    69
Invok: Berserk           |     1 |     4 |     6 ||    11
       Trog's Hand       |       |       |     1 ||     1
       Brothers in Arms  |       |       |     1 ||     1
  Use: Scroll            |     1 |     3 |    12 ||    16
       Potion            |       |       |     2 ||     2
 Stab: Sleeping          |       |     1 |     5 ||     6
Armor: Animal skin       |    14 |     7 |       ||    21
       Scale mail        |       |    11 |       ||    11
       Ring mail         |       |     4 |       ||     4
       Steam dragon scal |       |     9 |    70 ||    79
Dodge: Dodged            |    38 |    45 |   113 ||   196

Table legend: (Time is in decaauts)
 A = Elapsed time spent in this place.
 B = Non-inter-level travel time spent in this place.
 C = Inter-level travel time spent in this place.
 D = Time resting spent in this place.
 E = Time spent auto-exploring this place.
 F = Levels seen in this place.
 G = Mean time per level.
                   A        B        C        D        E       F      G
               +--------+--------+--------+--------+--------+-----+--------+
         Total |   8208 |   8041 |    167 |   2430 |   3992 |  10 |  820.8 |
       Dungeon |   7942 |   7775 |    167 |   2248 |   3992 |   8 |  992.8 |
        Temple |     75 |     75 |      0 |     73 |      0 |   1 |   75.0 |
         Abyss |    190 |    190 |      0 |    109 |      0 |   1 |  190.0 |
               +--------+--------+--------+--------+--------+-----+--------+

Top non-repeatable levels by time:
     D:5: 1191 daAuts
     D:1: 1112 daAuts
     D:6: 1092 daAuts
     D:4: 974 daAuts
     D:2: 963 daAuts
     D:7: 941 daAuts
     D:8: 941 daAuts
     D:3: 724 daAuts
 Abyss:1: 190 daAuts
  Temple: 75 daAuts
